 Dungeon Crawl Stone Soup version 0.22-a0-305-gd21a89c (webtiles) character file.

9429 matakusis the Summoner (level 11, -7/54 HPs)
             Began as a Deep Elf Summoner on Mar 30, 2018.
             Was an Elder of Sif Muna.
             Mangled by a minotaur
             ... wielding a +0 bardiche
              (37 damage)
             ... in a labyrinth.
             The game lasted 01:04:41 (11512 turns).

matakusis the Summoner (Deep Elf Summoner)         Turns: 11512, Time: 01:04:42

Health: -7/54      AC:  5    Str:  7    XL:     11   Next: 22%
Magic:  4/37       EV: 17    Int: 24    God:    Sif Muna [****..]
Gold:   846        SH:  0    Dex: 17    Spells: 23/33 levels left

rFire    + . .     SeeInvis .   v - +10 spear of Distraction {freeze, rElec rPois rN++ MR- Dex+2}
rCold    + + .     Gourm    .   (no shield)
rNeg     + + .     Faith    .   l - +2 robe {rC+ rF+}
rPois    +         Spirit   .   (no helmet)
rElec    +         Reflect  .   (no cloak)
rCorr    .         Harm     .   d - +0 pair of gloves
MR       .....     Clarity  +   (no boots)
Stlth    ++........             (no amulet)
HPRegen  0.18/turn              g - ring of protection from cold
MPRegen  0.25/turn              F - ring of magical power

@: no status effects
A: clarity, strong 1
a: Divine Energy, Channel Magic, Forget Spell, Renounce Religion


You were in a labyrinth.
You worshipped Sif Muna.
Sif Muna was greatly pleased with you.
You were not hungry.

You visited 2 branches of the dungeon, and saw 13 of its levels.
You also visited: Labyrinth and Sewer.

You collected 846 gold pieces.

Inventory:

Hand Weapons
 v - the +10 spear of Distraction (weapon) {freeze, rElec rPois rN++ MR- Dex+2}
   (You found it on level 6 of the Dungeon)

   It has been specially enchanted to freeze those struck by it, causing extra
   injury to most foes and up to half again as much damage against particularly
   susceptible opponents.
   It can also slow down cold-blooded creatures.
   It affects your dexterity (+2).
   It insulates you from electricity.
   It protects you from poison.
   It greatly protects you from negative energy.
   It affects your resistance to hostile enchantments.
 w - a +1 whip of freezing
Missiles
 n - 262 stones (quivered)
 q - 274 arrows
Armour
 d - a +0 pair of gloves (worn)
 l - a +2 robe of resistance (worn)
Magical Staves
 E - an uncursed staff of conjuration
Jewellery
 g - a ring of protection from cold (left hand)
 r - an uncursed ring of resist corrosion
 B - an uncursed amulet of rage
 F - a ring of magical power (right hand)
Wands
 x - a wand of random effects (18)
 y - a wand of flame (37)
 C - a wand of enslavement (12)
Scrolls
 b - 3 scrolls of identify
 f - a scroll of fear
 i - 3 scrolls of enchant armour
 j - 8 scrolls of teleportation
 p - 3 scrolls of fog
 u - 2 scrolls of amnesia
 G - a scroll of immolation
Potions
 e - a potion of might
 h - 4 potions of heal wounds
 k - 4 potions of curing
 m - 4 potions of haste
 o - a potion of cancellation
 s - a potion of berserk rage
 t - 2 potions of flight
 z - 2 potions of resistance
 A - a potion of lignification
 D - a potion of magic
 H - a potion of ambrosia
Miscellaneous
 I - a crystal ball of energy
Comestibles
 c - 22 rations


   Skills:
 * Level 7.8 Dodging
 - Level 2.4 Stealth
 + Level 11.7 Spellcasting
 * Level 13.1 Summonings
 * Level 8.2 Ice Magic


You had 23 spell levels left.
You knew the following spells:

 Your Spells              Type           Power        Failure   Level  Hunger
b - Call Imp              Summ           ######..     1%          2    None
c - Summon Ice Beast      Ice/Summ       ######..     1%          4    None
d - Summon Lightning Spi  Summ/Air       #####...     3%          4    None


Dungeon Overview and Level Annotations

Branches:
Dungeon (12/15)            Temple (1/1) D:7            Lair (0/6) D:8
    Orc (0/2) D:12

Altars:
Ashenzari
Cheibriados
Dithmenos
Elyvilon
Fedhas
Gozag
Hepliaklqana
Kikubaaqudgha
Makhleb
Nemelex Xobeh
Okawaru
Qazlal
Ru
Sif Muna
Trog
Uskayaw
Vehumet
Wu Jian
Xom
Yredelemnul
Zin
The Shining One

Shops:
D:5 !   D:7 }

Annotations:
D:9 Erica


Innate Abilities, Weirdness & Mutations

You possess an exceptional clarity of mind.
Your muscles are strong. (Str +2)


Message History

The minotaur throws a poisoned javelin.
The poisoned javelin hits your ice beast.
Your ice beast hits the minotaur but does no damage.
The minotaur throws a poisoned javelin.
The poisoned javelin hits your ice beast.
The minotaur hits your ice beast with a bardiche!!
The minotaur closely misses your ice beast.
Your ice beast hits the minotaur but does no damage.
Your ice beast closely misses the minotaur.
The minotaur furiously retaliates!
The minotaur headbutts your ice beast!
Your ice beast dies!
Your ice beast barely misses the minotaur.
The minotaur furiously retaliates!
The minotaur headbutts your ice beast!
Casting: Summon Ice Beast (safe; 1% risk of failure)
Confirm with . or Enter, or press ? or * to list all spells.
A chill wind blows around you.
Your ice beast hits the minotaur but does no damage.
The minotaur hits you from afar with a bardiche!!!
Ouch! That really hurt!
You die...

[. #.# # #8.8#.#
#. #}.[#.. ..
#8.8#.### .
#.(.#...# ####
#8Y8 ...#### .
.....##H##.......
#. ## #...(Y@.#
.# #.#.(...# #.#.
# #.##### #. .#
#.... # .## ## .
## .#. ...# # .
## # .#. #...# #
### ## .###


You could see a minotaur and a friendly ice beast.

Vanquished Creatures
  A yak (D:11)
  An ice beast (D:7)
  A wolf (D:8)
  A killer bee (D:7)
  An adder (D:5)
  An orc (D:10)
  A giant cockroach (D:7)
  A ball python (D:5)
  2 frilled lizards
  A goblin (D:2)
  A leopard gecko skeleton (D:9)
  A rat (D:3)
13 creatures vanquished.

Vanquished Creatures (collateral kills)
  5 two-headed ogres
  The ghost of RoseArtemis the Cleaver, a novice MiBe of Trog (D:7)
  A sixfirhy (D:7)
  Pikel (D:6)
  2 ugly things
  Joseph (D:8)
  Psyche (D:10)
  An ice statue (D:10)
  6 ice devils (D:10)
  3 trolls
  3 slime creatures (D:5)
  A hippogriff (D:8)
  2 wyverns (D:8)
  A wraith (D:11)
  11 yaks
  Grum (D:8)
  2 wargs (D:8)
  A water moccasin (D:10)
  Duvessa (D:4)
  5 orc warriors
  2 ice beasts
  2 sky beasts
  A black bear (D:10)
  2 wolves (D:8)
  A necrophage (D:11)
  5 centaurs
  5 ogres
  3 big kobolds
  6 bullfrogs
  Blork the orc (D:6)
  2 gnoll sergeants
  Dowan (D:4)
  2 wyvern skeletons
  A water moccasin zombie (D:6)
  2 scorpions
  4 wights (D:8)
  5 killer bees (D:7)
  5 howler monkeys
  2 bullfrog zombies
  5 jellies
  3 crimson imps
  2 quasits
  7 orc priests
  A hound (D:5)
  A gnoll shaman (D:7)
  3 bullfrog skeletons
  A centaur skeleton (D:8)
  4 iguanas
  8 orc wizards
  7 worker ants
  3 hound skeletons
  A worker ant zombie (D:10)
  22 gnolls
  A howler monkey skeleton (D:6)
  13 adders
  2 shadow imps (D:10)
  6 ufetubi (D:10)
  8 oozes (D:5)
  An adder zombie (D:7)
  An adder skeleton (D:8)
  A worm (D:5)
  2 dart slugs
  2 leopard geckos
  42 orcs
  3 giant cockroaches
  9 goblins
  2 hobgoblins
  5 jackals
  17 kobolds
  A quokka (D:8)
  4 ball pythons
  8 bats
  6 frilled lizards
  A leopard gecko zombie (D:7)
  5 rats
310 creatures vanquished.

Vanquished Creatures (others)
  Erolcha (D:9)
  An adder (D:6)
  9 fungi (D:5)
  8 toadstools (D:5)
19 creatures vanquished.

Grand Total: 342 creatures vanquished

Notes
Turn   | Place    | Note
-------+----------+-------------------------------------------
     0 | D:1      | matakusis the Deep Elf Summoner began the quest for the Orb.
     0 | D:1      | Reached XP level 1. HP: 10/10 MP: 6/6
   567 | D:1      | Reached XP level 2. HP: 15/15 MP: 4/8
   571 | D:1      | Learned a level 2 spell: Call Imp
  1024 | D:2      | Reached skill level 5 in Summonings
  1102 | D:2      | Reached XP level 3. HP: 19/19 MP: 10/10
  1494 | D:3      | Reached XP level 4. HP: 24/24 MP: 6/11
  1596 | D:3      | Reached skill level 6 in Summonings
  1647 | D:3      | Found a glowing drain.
  1652 | Sewer    | Entered a sewer
  2289 | D:3      | Learned a level 4 spell: Summon Ice Beast
  2294 | D:3      | Learned a level 4 spell: Summon Lightning Spire
  2678 | D:4      | Noticed Duvessa
  2682 | D:4      | Noticed Dowan
  2819 | D:4      | Reached XP level 5. HP: 28/28 MP: 7/13
  3156 | D:4      | Killed Duvessa
  3263 | D:4      | Killed Dowan
  3263 | D:4      | Reached skill level 5 in Spellcasting
  3507 | D:5      | Entered Level 5 of the Dungeon
  3511 | D:5      | Reached skill level 7 in Summonings
  3514 | D:5      | Reached XP level 6. HP: 22/32 MP: 5/15
  3543 | D:5      | Found Fap Yniucsi's Distillery.
  3585 | D:5      | Reached skill level 1 in Ice Magic
  3836 | D:5      | Noticed a sky beast
  3847 | D:5      | Killed a sky beast
  3863 | D:5      | Found a shimmering altar of Xom.
  3864 | D:5      | Found a shimmering altar of Xom.
  3871 | D:5      | Found a shimmering altar of Xom.
  3871 | D:5      | Found a shimmering altar of Xom.
  3872 | D:5      | Found a shimmering altar of Xom.
  3872 | D:5      | Found a shimmering altar of Xom.
  3873 | D:5      | Found a shimmering altar of Xom.
  4075 | D:5      | Reached XP level 7. HP: 33/36 MP: 8/17
  4109 | D:5      | Noticed a slime creature
  4115 | D:5      | Noticed a slime creature
  4366 | D:5      | Noticed a slime creature
  4553 | D:5      | Killed a slime creature
  4553 | D:5      | Reached skill level 8 in Summonings
  4554 | D:5      | Killed a slime creature
  4558 | D:5      | Killed a slime creature
  4824 | D:6      | Noticed Pikel
  4831 | D:6      | Killed Pikel
  4831 | D:6      | Reached XP level 8. HP: 41/41 MP: 7/20
  4958 | D:6      | Reached skill level 9 in Summonings
  5060 | D:6      | Found a shadowy altar of Dithmenos.
  5098 | D:6      | Noticed Blork the orc
  5147 | D:6      | Killed Blork the orc
  5326 | D:6      | Found an iron altar of Okawaru.
  5408 | D:6      | Got an ivory spear
  5409 | D:6      | Identified the +10 spear of Distraction {freeze, rElec rPois rN++ MR- Dex+2} (You found it on level 6 of the Dungeon)
  5917 | D:7      | Found a runed door.
  5917 | D:7      | Noticed a sixfirhy
  6139 | D:7      | Noticed RoseArtemis's ghost (novice MiBe)
  6156 | D:7      | Killed RoseArtemis's ghost
  6156 | D:7      | Reached skill level 10 in Summonings
  6156 | D:7      | Reached XP level 9. HP: 45/45 MP: 4/23
  6277 | D:7      | Found a staircase to the Ecumenical Temple.
  6295 | D:7      | Found Duluxzonk's Gadget Shop.
  6298 | Temple   | Entered the Ecumenical Temple
  6330 | Temple   | Became a worshipper of Sif Muna the Loreminder
  6538 | D:7      | Reached skill level 5 in Dodging
  6556 | D:7      | Found a hazy altar of Hepliaklqana.
  6557 | D:7      | Found a shimmering altar of Xom.
  6558 | D:7      | Noticed a spectral ugly thing
  6731 | D:7      | Reached skill level 5 in Ice Magic
  7054 | D:7      | Killed a sixfirhy
  7054 | D:7      | Reached * piety under Sif Muna
  7261 | D:8      | Noticed Joseph
  7281 | D:8      | Killed Joseph
  7363 | D:8      | Reached skill level 11 in Summonings
  7386 | D:8      | Found a staircase to the Lair.
  7406 | D:8      | Noticed a two-headed ogre
  7421 | D:8      | Killed a two-headed ogre
  7421 | D:8      | Reached ** piety under Sif Muna
  7463 | D:8      | Noticed a two-headed ogre
  7476 | D:8      | Killed a two-headed ogre
  7476 | D:8      | Reached skill level 10 in Spellcasting
  7476 | D:8      | Reached XP level 10. HP: 30/50 MP: 1/26
  7671 | D:8      | Found a bloodstained altar of Trog.
  7721 | D:8      | Noticed Grum
  7733 | D:8      | Killed Grum
  7840 | D:8      | Found a shattered altar of Ashenzari.
  7903 | D:8      | Noticed a cyan ugly thing
  7917 | D:8      | Killed a cyan ugly thing
  8160 | D:8      | Found a snail-covered altar of Cheibriados.
  8196 | D:9      | Noticed Erolcha
  8229 | D:9      | Killed Erolcha
  8325 | D:9      | Noticed a two-headed ogre
  8339 | D:9      | Killed a two-headed ogre
  8413 | D:9      | Reached skill level 12 in Summonings
  8443 | D:9      | Reached *** piety under Sif Muna
  8622 | D:9      | Found a sacrificial altar of Ru.
  8685 | D:9      | Noticed Erica
  8701 | D:9      | Noticed a two-headed ogre
  8741 | D:9      | Killed a two-headed ogre
  9045 | D:10     | Entered Level 10 of the Dungeon
  9139 | D:10     | Noticed an ice statue
  9273 | D:10     | Reached **** piety under Sif Muna
  9525 | D:10     | Found a white marble altar of Elyvilon.
  9614 | D:10     | Killed an ice statue
  9852 | D:10     | Reached XP level 11. HP: 54/54 MP: 20/28
  9877 | D:10     | Noticed Psyche
  9881 | D:10     | Killed Psyche
 10019 | D:10     | Noticed a two-headed ogre
 10038 | D:10     | Killed a two-headed ogre
 10056 | D:10     | Gained mutation: You possess an exceptional clarity of mind. [potion of mutation]
 10056 | D:10     | Gained mutation: Your muscles are strong. (Str +2) [potion of mutation]
 10323 | D:11     | Reached skill level 13 in Summonings
 10565 | D:11     | Noticed a cyan ugly thing
 10574 | D:11     | Killed a cyan ugly thing
 10899 | D:12     | Found a labyrinth entrance.
 10910 | Lab      | Entered a labyrinth
 11484 | Lab      | Noticed a minotaur
 11512 | Lab      | Mangled by a minotaur

Vault maps used:
D:1:      tarquinn_simple_flora_water_b
D:3:      portal_sewer_entry_e, minmay_fountain_box
D:4:      first_ration, uniq_duvessa
D:5:      cheibrodos_fertilizer, serial_shops, nicolae_shop_stone,
          xom_redecorated
D:6:      okawaru_altar_gauntlet_db, nicolae_dithmenos_shadow_blocks,
          uniq_blork_the_orc, uniq_pikel
D:7:      cheibrodos_shockbox, regret_index_temple_of_mockery,
          minmay_temple_entry_statues_pillars, serial_shops, nicolae_shop_trees
D:8:      ashenzari_altar_1, nicolae_overflow_hidden_temple,
          erik_lair_orcish_takeover, uniq_joseph, uniq_grum
D:9:      lemuel_doored_altar, uniq_erica, uniq_erolcha
D:10:     cheibrodos_frozen_isle, basic_altar, uniq_psyche
D:12:     orc_david_3, lab_entry_generic
Temple:   regret_index_temple_waves
Lab:      nicolae_lab_dead_adventurers
Sewer:    sewer_co_scattered_pipes

Skill      XL: |  1  2  3  4  5  6  7  8  9 10 11 |
---------------+----------------------------------+-----
Summonings     | 5 6 7 8 10 11 12 13 | 13.1
Spellcasting   | 4 5 7 8 10 11 | 11.7
Ice Magic      | 2 3 4 6 7 8 |  8.2
Dodging        | 3 4 6 7 |  7.8
Stealth        | |  2.4

Action                   |  1- 3 |  4- 6 |  7- 9 | 10-12 || total
-------------------------+-------+-------+-------+-------++-------
Melee: Unarmed           |     9 |    18 |       |       ||    27
       Whip              |       |       |     9 |       ||     9
       Spear             |       |       |    11 |    27 ||    38
 Cast: Summon Small Mamm |    30 |       |       |       ||    30
       Call Imp          |    17 |    46 |    21 |       ||    84
       Summon Lightning  |       |     8 |    34 |    53 ||    95
       Summon Ice Beast  |       |     6 |    46 |    72 ||   124
  Use: Scroll            |    10 |     8 |     5 |     5 ||    28
       Potion            |     2 |       |     2 |     3 ||     7
 Stab: Distracted        |       |     1 |     1 |       ||     2
  Eat: Chunk             |     2 |    11 |    13 |    10 ||    36
       Ration            |       |       |     1 |     1 ||     2
Armor: Robe              |     5 |     9 |     9 |     6 ||    29
Dodge: Dodged            |    26 |    40 |    70 |    35 ||   171

Table legend:
 A = Spawn XP
 B = Non-spawn XP
 C = Spawn XP percentage of total XP
 D = Spawn monster count
 E = Non-spawn monster count
 F = Spawn count percentage of total count
 G = Total turns spent on level
                    A         B        C        D         E        F      G
               +---------+---------+-------+---------+---------+-------+---------
         Total |       0 |   13470 |   0.0 |       0 |     324 |   0.0 | 11512
               +---------+---------+-------+---------+---------+-------+---------
           D:1 |       0 |      19 |   0.0 |       0 |      17 |   0.0 |   970
           D:2 |       0 |      68 |   0.0 |       0 |      18 |   0.0 |   501
           D:3 |       0 |      83 |   0.0 |       0 |      19 |   0.0 |   837
           D:4 |       0 |     158 |   0.0 |       0 |      12 |   0.0 |   794
           D:5 |       0 |     880 |   0.0 |       0 |      46 |   0.0 |  1200
           D:6 |       0 |     896 |   0.0 |       0 |      30 |   0.0 |   946
           D:7 |       0 |    1558 |   0.0 |       0 |      37 |   0.0 |  1368
           D:8 |       0 |    2856 |   0.0 |       0 |      43 |   0.0 |   996
           D:9 |       0 |    1779 |   0.0 |       0 |      21 |   0.0 |   908
          D:10 |       0 |    3344 |   0.0 |       0 |      44 |   0.0 |  1073
          D:11 |       0 |    1782 |   0.0 |       0 |      26 |   0.0 |   758
          D:12 |       0 |      25 |   0.0 |       0 |       1 |   0.0 |    34
         Sewer |       0 |      22 |   0.0 |       0 |      10 |   0.0 |   405
               +---------+---------+-------+---------+---------+-------+---------
